 Dungeon Crawl Stone Soup version 0.31-a0-1576-ga3383bade6 (webtiles) character file.

Game seed: 4360694728030984386

245 innerfire43 the Firebug (level 5, -12/35 HPs)
             Began as a Demonspawn Wanderer on Jan 4, 2024.
             Was an Initiate of Vehumet.
             Mangled by a gnoll
             ... wielding a +0 halberd
              (14 damage)
             ... on level 4 of the Dungeon.
             The game lasted 00:06:07 (2914 turns).

innerfire43 the Firebug (Demonspawn Wanderer)       Turns: 2914, Time: 00:06:08

Health: -12/35     AC:  4    Str: 10    XL:     5   Next: 84%
Magic:  1/10       EV: 12    Int: 17    God:    Vehumet [......]
Gold:   190        SH:  0    Dex: 12    Spells: 9/10 levels left

rFire   . . .        o - +2 dagger (venom)
rCold   . . .        (no shield)
rNeg    . . .        c - +0 robe
rPois   .            (no helmet)
rElec   .            h - +0 cloak
rCorr   .            p - +0 pair of gloves
SInv    .            (no boots)
Will    .....        (no amulet)
Stlth   ++           i - ring of flight
HPRegen 1.25/turn    (no ring)
MPRegen 0.24/turn

%: no passive effects
@: flying
A: powered by death 2, magic regeneration
a: Renounce Religion


You were on level 4 of the Dungeon.
You worshipped Vehumet.
Vehumet was noncommittal.
You visited 1 branch of the dungeon, and saw 4 of its levels.

You collected 190 gold pieces.

Inventory:

Hand Weapons
 a - a +0 dagger
 o - a +2 dagger of venom (weapon)
Armour
 c - a +0 robe (worn)
 d - a +0 cloak
 h - a +0 cloak (worn)
 p - a +0 pair of gloves (worn)
Jewellery
 i - a ring of flight (left hand)
 t - a ring of protection from cold
Scrolls
 f - 2 scrolls of silence {unknown}
 k - 3 scrolls of teleportation {unknown}
 n - a scroll of blinking {unknown}
 r - a scroll of enchant armour {unknown}
 s - a scroll of immolation {unknown}
Potions
 b - 2 potions of heal wounds
 e - 2 potions of attraction {unknown}
 g - 4 potions of brilliance {unknown}
 j - a potion of haste {unknown}
 l - a potion of might {unknown}
 m - 5 potions of curing {unknown}
 q - 2 potions of mutation {unknown}


   Skills:
 * Level 1.3 Short Blades
 - Level 2.2 Dodging
 - Level 1.0 Stealth
 * Level 3.3 Spellcasting
 * Level 2.1 Conjurations
 * Level 3.8 Fire Magic
 - Level 1.2 Air Magic
 - Level 2.2 Invocations


You had 9 spell levels left.
You knew the following spells:

 Your Spells              Type           Power      Damage    Failure   Level
a - Foxfire               Conj/Fire      52%        2x1d6     4%          1

Your spell library contained the following spells:

 Spells                   Type           Power      Damage    Failure   Level
 Sting                    Conj/Alch      24%        1d4       11%         1
 Static Discharge         Conj/Air       16%        3-4/arc   13%         2
 Sandblast                Erth           4%         2d4       17%         1
 Mercury Vapours          Alch/Air       10%        N/A       21%         2
 Cigotuvi's Dreadful Rot  Necr/Alch/Air  8%         N/A       22%         2
 Inner Flame              Hex/Fire       9%         N/A       22%         3
 Ensorcelled Hibernation  Hex/Ice        4%         N/A       26%         2
 Stone Arrow              Conj/Erth      12%        3d7       32%         3
 Fugue of the Fallen      Necr           2%         N/A       45%         3
 Passwall                 Erth           2%         N/A       45%         3
 Ignite Poison            Fire/Alch      9%         N/A       58%         4
 Brom's Barrelling Bould  Conj/Erth      6%         2d3       71%         4
 Anguish                  Hex/Necr       1%         N/A       86%         4
 Olgreb's Toxic Radiance  Alch           2%         N/A       86%         4


Dungeon Overview and Level Annotations

Branches:
Dungeon (4/15)
 Temple: D:4-7

Altars:
Dithmenos
Vehumet

Shops:
D:2 *


Innate Abilities, Weirdness & Mutations

You regenerate health from kills.
You regenerate magic rapidly.


Message History

You conjure some foxfire!
The gnoll closely misses you.
You conjure some foxfire!
The foxfire hits the black bear.
The black bear is lightly wounded.
The foxfire hits the black bear but does no damage.
The black bear is lightly wounded.
The black bear misses you.
The black bear claws you but does no damage.
The black bear barely misses you. The gnoll barely misses you.
You conjure some foxfire!
The foxfire hits the black bear.
The black bear is moderately wounded.
The foxfire hits the black bear.
The black bear is moderately wounded.
The gnoll completely misses you.
The black bear bites you but does no damage.
The black bear claws you but does no damage. x2
You barely miss the black bear.
The black bear is moderately wounded.
The foxfire hits the black bear.
The black bear is heavily wounded.
The foxfire hits the black bear.
The black bear is severely wounded.
The black bear bites you.
The black bear claws you but does no damage.
The black bear claws you.
The gnoll hits you from afar with a +0 halberd.
You barely miss the black bear.
The black bear is severely wounded.
The black bear bites you! The black bear claws you.
The black bear barely misses you.
The gnoll hits you from afar with a +0 halberd.
* * * LOW HITPOINT WARNING * * *
You hit the black bear.
The black bear is poisoned.
The black bear is severely wounded.
The black bear bites you.
* * * LOW HITPOINT WARNING * * *
The black bear claws you.
* * * LOW HITPOINT WARNING * * *
The black bear claws you but does no damage.
The gnoll hits you from afar with a +0 halberd!
You die...

.. #.....#.#
........##.##.##.#.#.
.................#...
.........#.##........
................#..#.
...................#
.....g....##....#.##
......h)#.........# .
.......@###.....### ..
.###.#§)§##.....####...
#......>.........#
#########........#
#................#
#.........##)....#
#.........########
#.........# #.........#


You could see a black bear (very poisoned) and a gnoll.

Vanquished Creatures
  A hound (D:4)
  Jessica (D:2)
  7 gnolls
  4 adders
  2 dart slugs
  9 orcs
  7 endoplasms
  A giant cockroach (D:1)
  4 goblins
  4 hobgoblins
  2 quokkas
  10 ball pythons
  3 bats (D:2)
  3 frilled lizards
  9 kobolds
  11 rats
78 creatures vanquished.

Vanquished Creatures (others)
  210 foxfires
210 creatures vanquished.

Grand Total: 288 creatures vanquished

Notes
Turn   | Place    | Note
-------+----------+-------------------------------------------
     0 | D:1      | innerfire43 the Demonspawn Wanderer began the quest for the
                  | Orb.
     0 | D:1      | innerfire43 set off with the following items: a +0 dagger,
                  | a potion of heal wounds, a +0 robe, a +0 cloak; and the
                  | following spell memorised: Foxfire; and the following
                  | spells available to memorise: Static Discharge, Cigotuvi's
                  | Dreadful Rot, Inner Flame, Ignite Poison.
     0 | D:1      | Reached XP level 1. HP: 13/13 MP: 3/3
   222 | D:1      | Gained mutation: You regenerate magic rapidly. [demonic
                  | ancestry]
   222 | D:1      | Reached XP level 2. HP: 19/19 MP: 3/5
   910 | D:2      | Gained mutation: You regenerate a little health from kills.
                  | [demonic ancestry]
   910 | D:2      | Reached XP level 3. HP: 22/24 MP: 6/6
  1413 | D:2      | Found Gomerch's General Store.
  1541 | D:2      | Reached XP level 4. HP: 13/30 MP: 6/8
  1657 | D:2      | Noticed Jessica
  1680 | D:2      | Killed Jessica
  1681 | D:2      | Reached skill level 1 in Conjurations
  2069 | D:3      | Gained mutation: You regenerate health from kills. [demonic
                  | ancestry]
  2069 | D:3      | Reached XP level 5. HP: 16/35 MP: 2/9
  2668 | D:4      | Found a shadowy altar of Dithmenos.
  2740 | D:4      | Reached skill level 1 in Short Blades
  2791 | D:4      | Found a radiant altar of Vehumet.
  2818 | D:4      | Became a worshipper of Vehumet
  2903 | D:4      | Noticed a black bear
  2914 | D:4      | Mangled by a gnoll

Illustrated notes

Levels and vault maps discovered:
D:1:      dpeg_arrival_rhombi, layout_loops_cross,
          chequers_serial_rivers_small_b, corner_web_ring, minmay_cupped
D:2:      layout_loops_ring, serial_shops, shop, uniq_jessica
D:3:      layout_rooms
D:4:      layout_basic, fiery_altar_vehumet,
          mainiacjoe_overflow_concentric_impassable

Skill      XL: |  1  2  3  4  5 |
---------------+----------------+-----
Fire Magic     | 3 |  3.8
Dodging        | 2 |  2.2
Invocations    | 2 |  2.2
Conjurations   | 1 2 |  2.1
Spellcasting   | 3 |  3.3
Short Blades   | 1 |  1.3
Stealth        | |  1.0
Air Magic      | |  1.2

Action                     |  1- 3 |  4- 6 || total
---------------------------+-------+-------++-------
  Melee: Dagger            |    76 |    43 ||   119
         Punch             |     2 |       ||     2
   Cast: Foxfire           |    65 |    69 ||   134
    Use: Potion            |       |     1 ||     1
 Armour: Robe              |    46 |    52 ||    98
  Dodge: Dodged            |    50 |    37 ||    87

Table legend: (Time is in decaauts)
 A = Elapsed time spent in this place.
 B = Non-inter-level travel time spent in this place.
 C = Inter-level travel time spent in this place.
 D = Time resting spent in this place.
 E = Time spent auto-exploring this place.
 F = Levels seen in this place.
 G = Mean time per level.
                   A        B        C        D        E       F      G
               +--------+--------+--------+--------+--------+-----+--------+
         Total |   2912 |   2912 |      0 |      0 |   2263 |   4 |  728.0 |
       Dungeon |   2912 |   2912 |      0 |      0 |   2263 |   4 |  728.0 |
               +--------+--------+--------+--------+--------+-----+--------+

Top non-repeatable levels by time:
     D:2: 1130 daAuts
     D:1: 880 daAuts
     D:3: 649 daAuts
     D:4: 252 daAuts
